 Dungeon Crawl Stone Soup version 0.23.1 (webtiles) character file.

Game seed: 17164301706106212083

7 Borgoz the Sneak (level 2, -1/20 HPs)
             Began as a Ghoul Enchanter on Mar 2, 2019.
             Slain by a hobgoblin
             ... wielding a +0 club
             ... led by Robin
              (3 damage)
             ... on level 1 of the Dungeon.
             The game lasted 00:01:12 (361 turns).

Borgoz the Sneak (Ghoul Enchanter)                   Turns: 361, Time: 00:01:13

Health: -1/20      AC:  2    Str: 11    XL:     2   Next: 4%
Magic:  3/3        EV: 12    Int: 10    God:
Gold:   27         SH:  0    Dex:  9    Spells: 3/4 levels left

rFire    + . .     SeeInvis .   l - +0 dagger (venom)
rCold    + . .     Gourm    .   (no shield)
rNeg     + + +     Faith    .   b - +0 robe
rPois    ∞         Spirit   .   (no helmet)
rElec    .         Reflect  .   (no cloak)
rCorr    .         Harm     .   (no gloves)
MR       .....                  (no boots)
Stlth    ++........             (no amulet)
HPRegen  0.00/turn              c - ring of protection from fire
MPRegen  0.08/turn              (no ring)

@: rotting
A: rotting body, claws 1, carnivore, cold resistance 1, negative energy
resistance 3, inhibited regeneration, torment resistance, unbreathing
a: no special abilities


You were on level 1 of the Dungeon.
You were not hungry.

You visited 1 branch of the dungeon, and saw 2 of its levels.

You collected 27 gold pieces.

Inventory:

Hand Weapons
 l - a +0 dagger of venom (weapon)
Missiles
 j - 5 curare-tipped needles
Armour
 b - a +0 robe (worn)
Jewellery
 c - a ring of protection from fire (left claw)
Potions
 a - a potion of haste {unknown}
 f - 2 potions of magic
 g - a potion of lignification {unknown}
 i - a potion of brilliance {unknown}
Comestibles
 d - 5 rations
 h - 2 chunks of flesh


   Skills:
 * Level 1.3 Short Blades
 * Level 2.0 Dodging
 + Level 3.4 Stealth
 - Level 1.7 Spellcasting
 - Level 2.4 Hexes


You had 3 spell levels left.
You knew the following spells:

 Your Spells              Type           Power        Failure   Level  Hunger
a - Corona                Hex            #......      12%         1    ##.....

Your spell library contained the following spells:

 Spells                   Type           Power        Failure   Level  Hunger
 Ensorcelled Hibernation  Hex/Ice        #.....       30%         2    ###....
 Confuse                  Hex            #.......     34%         3    ####...
 Tukima's Dance           Hex            #.......     34%         3    ####...
 Dazzling Spray           Conj/Hex       #.....       52%         3    ####...


Dungeon Overview and Level Annotations

Branches:
Dungeon (2/15)

Altars:


Innate Abilities, Weirdness & Mutations

Your body is rotting away.
You thrive on raw meat.
You are immune to poison.
You have sharp fingernails.
You are carnivorous and can eat meat at any time.
Your flesh is cold resistant. (rC+)
You are immune to negative energy. (rN+++)
You do not regenerate when monsters are visible.
You are immune to unholy pain and torment.
You can survive without breathing.


Message History

There is a stone staircase leading down here.
You climb downwards.
The hobgoblin misses you. The hobgoblin hits you.
The hobgoblin hits you with a +0 club.
There is a stone staircase leading up here.
You barely miss the hobgoblin. The hobgoblin closely misses you.
The hobgoblin hits you with a +0 club.
You are too injured to fight recklessly!
The hobgoblin closely misses you. The hobgoblin hits you with a +0 club.
* * * LOW HITPOINT WARNING * * *
You climb upwards.
There is a stone staircase leading down here.
You hit the hobgoblin.
The hobgoblin is poisoned.
The hobgoblin is moderately wounded.
The hobgoblin closely misses you.
You hit the hobgoblin but do no damage.
The hobgoblin is poisoned.
The hobgoblin hits you with a +0 club.
* * * LOW HITPOINT WARNING * * *
The hobgoblin closely misses you. The hobgoblin hits you with a +0 club.
You die...

,,,,,,.................####
,,,,,,.................#
,,,,>,.................#
,,,,,,..)..............#
***,,,.................#
****#+#............###
*,#.#..........#
*,###..........#
*,,...###g@#####
***###.#..g>#
*,,,,#.#.####***
*,**,*...,,*,,,*
*,*,....,,,*,*,*
*,*..#..,,,,,*,*
*,*.,#.,******,*
*,*,**,,,,,,,,,*
*,**,,,,********


You could see 2 hobgoblins.

Vanquished Creatures
  A bat (D:1)
  2 goblins (D:1)
  A hobgoblin (D:1)
  A kobold (D:1)
  A frilled lizard (D:1)
  A rat (D:1)
7 creatures vanquished.

Notes
Turn   | Place    | Note
-------+----------+-------------------------------------------
     0 | D:1      | Borgoz the Ghoul Enchanter began the quest for the Orb.
     0 | D:1      | Reached XP level 1. HP: 14/14 MP: 2/2
    70 | D:1      | Reached skill level 1 in Short Blades
   337 | D:1      | Reached XP level 2. HP: 19/19 MP: 3/3
   361 | D:1      | Slain by a hobgoblin

Skill      XL: |  1 |
---------------+----+-----
Short Blades   | 1 |  1.3
Dodging        | 2 |  2.0
Stealth        | |  3.4
Spellcasting   | |  1.7
Hexes          | |  2.4

Action                   || total
-------------------------++-------
Melee: Dagger            ||    35
 Cast: Corona            ||     1
  Use: Scroll            ||     2
 Stab: Sleeping          ||     1
  Eat: Chunk             ||     1
Armor: Robe              ||     9
Dodge: Dodged            ||    23
